 Dungeon Crawl Stone Soup version 0.23.1 (webtiles) character file.

Game seed: 37365100955891596

1351 zxcvas the Sneak (level 8, -11/55 HPs)
             Began as an Octopode Berserker on Mar 8, 2019.
             Was an Initiate of Dithmenos.
             Mangled by a polar bear (28 damage)
             ... created by the rage of Trog
             ... on level 6 of the Dungeon.
             The game lasted 00:23:15 (4159 turns).

zxcvas the Sneak (Octopode Berserker)               Turns: 4159, Time: 00:23:22

Health: -11/55     AC:  6    Str: 18    XL:     8   Next: 63%
Magic:  8/8        EV: 14    Int:  9    God:    Dithmenos [......]
Gold:   188        SH:  6    Dex: 12    Spells: 7/7 levels left

rFire    . . .     SeeInvis .   J - +5 dagger (venom)
rCold    + . .     Gourm    .   v - +2 buckler {AC+3}
rNeg     . . .     Faith    .   (helmet restricted)
rPois    .         Spirit   .   (no amulet)
rElec    .         Reflect  .   t - +2 ring of protection
rCorr    +         Harm     .   w - ring of protection from cold
MR       .....                  I - ring of resist corrosion
Stlth    ++++......             (no ring)
HPRegen  0.18/turn              (no ring)
MPRegen  0.11/turn              (no ring)
                                (no ring)
                                (no ring)

@: invisible
A: almost no armour, stealthy swim, amphibious, 8 rings, constrict 8, camouflage
1, gelatinous body 1
a: Renounce Religion


You were on level 6 of the Dungeon.
You worshipped Dithmenos.
Dithmenos was noncommittal.
You were not hungry.

You visited 2 branches of the dungeon, and saw 7 of its levels.

You collected 188 gold pieces.

Inventory:

Hand Weapons
 b - a +0 spear
 d - a +0 short sword
 g - a +4 dagger of speed
 m - a +0 spear
 o - a +0 dagger of holy wrath
 p - a +2 falchion of electrocution
 r - a +0 whip
 s - a cursed -1 hand axe
 x - a +1 whip of flaming
 z - a +0 shortbow
 A - a +0 hunting sling
 J - a +5 dagger of venom (weapon)
Missiles
 e - 53 arrows
Armour
 c - a +0 naga barding
 v - a +2 buckler of protection (worn)
Magical Staves
 l - an uncursed staff of air
Jewellery
 t - a +2 ring of protection (left tentacle)
 w - a ring of protection from cold (right tentacle)
 E - a -4 ring of protection
 I - a ring of resist corrosion (on tentacle)
Scrolls
 h - 4 scrolls of identify
 j - 3 scrolls of remove curse
 y - 3 scrolls of amnesia
 C - a scroll of magic mapping {unknown}
 F - a scroll of teleportation {unknown}
Potions
 f - a potion of might {unknown}
 i - a potion of resistance
 k - a potion of mutation {unknown}
 n - a potion of lignification {unknown}
 q - a potion of invisibility
 u - a potion of curing {unknown}
 D - a potion of degeneration {unknown}
 G - a potion of agility {unknown}
Comestibles
 a - 7 rations
 H - a chunk of flesh


   Skills:
 * Level 5.2 Fighting
 * Level 5.8 Short Blades
 - Level 2.0 Polearms
 + Level 4.8 Dodging
 + Level 6.4 Stealth
 + Level 1.5 Shields
 + Level 3.7 Unarmed Combat


You had 7 spell levels left.
You didn't know any spells.
Your spell library contained the following spells:

 Spells                   Type           Power        Failure   Level  Hunger
 Beastly Appendage        Tmut           #.....       50%         1    ##.....
 Sticks to Snakes         Tmut           #.......     63%         2    ###....
 Spider Form              Tmut/Pois      #.........   86%         3    ####...
 Ice Form                 Ice/Tmut       #.......     99%         4    #####..
 Blade Hands              Tmut           #.........   100%        5    ######.


Dungeon Overview and Level Annotations

Branches:
Dungeon (6/15)             Temple (1/1) D:6

Altars:
Ashenzari
Dithmenos
Elyvilon
Gozag
Nemelex Xobeh
Okawaru
Uskayaw
Xom
Yredelemnul

Annotations:
D:5 1 transporter, Sondor's ghost, amateur DsCK


Innate Abilities, Weirdness & Mutations

You cannot wear most types of armour.
You are very stealthy in the water. (Stealth+)
You are amphibious.
You can wear up to eight rings at the same time.
You can use your tentacles to constrict eight enemies at once.
Your skin changes colour to match your surroundings (Stealth+).
Your rubbery body absorbs attacks. (AC +1, EV +1)


Message History

You bump into the rock wall.
The polar bear misses you.
The polar bear claws you but does no damage. x2
The polar bear barely misses you. The polar bear claws you. x2
The polar bear bites you.
The polar bear claws you but does no damage.
The polar bear misses you.
You bump into the rock wall.
You feel less confused. The polar bear bites you!!
The polar bear barely misses you. The polar bear claws you.
You block the polar bear's attack.
The polar bear claws you but does no damage.
The polar bear misses you. The polar bear bites you.
The polar bear barely misses you. The polar bear misses you.
You fade into invisibility!
The black bear rages.
The polar bear closely misses you.
The polar bear claws you but does no damage.
You block the polar bear's attack. The polar bear bites you!!
Ouch! That really hurt!
You die...

.......# #.####.#
#.#.....# ... #.#
#...#...## ... #.#
#...#.### #.# #. #.#
#.#### #.##.##.#
#....#
#......h#######
####.# #hhh(($.# #.#
#@#####)########.#
#.# #.......##.# ...
#.#####.##.#
.#.##.##.#####.##.#
###.........)......#
#######.#####.####
#.# #.# #.......#
#########


You could see 3 polar bears and a black bear (berserk).

Vanquished Creatures
  Eustachio (D:4)
  Duvessa (D:6)
  A sky beast (D:5)
  An ogre (D:4)
  A hornet zombie (D:5)
  3 centaurs (D:6)
  2 scorpions (D:6)
  Dowan (D:6)
  A bullfrog zombie (D:5)
  A crimson imp (D:5)
  A jelly (D:5)
  2 bullfrog skeletons (D:5)
  An orc wizard (D:4)
  An iguana (D:5)
  5 worker ants
  A howler monkey zombie (D:5)
  4 adders
  An ooze (D:3)
  2 worms (D:3)
  4 dart slugs
  A leopard gecko (D:2)
  10 orcs
  4 ball pythons
  5 giant cockroaches
  3 goblins
  4 hobgoblins
  4 jackals (D:4)
  3 quokkas
  3 bats
  2 frilled lizards
  4 kobolds
  3 rats (D:1)
81 creatures vanquished.

Notes
Turn   | Place    | Note
-------+----------+-------------------------------------------
     0 | D:1      | zxcvas the Octopode Berserker began the quest for the Orb.
     0 | D:1      | Reached XP level 1. HP: 16/16 MP: 1/1
   113 | D:1      | Reached XP level 2. HP: 3/21 MP: 2/2
  1367 | D:2      | Found a shattered altar of Ashenzari.
  1378 | D:2      | Reached skill level 1 in Stealth
  1378 | D:2      | Reached XP level 3. HP: 25/26 MP: 3/3
  1734 | D:3      | Reached skill level 2 in Stealth
  1807 | D:3      | Reached ** piety under Trog
  2159 | D:3      | Reached XP level 4. HP: 31/31 MP: 4/4
  2352 | D:4      | Reached skill level 1 in Short Blades
  2424 | D:4      | Reached skill level 3 in Stealth
  2424 | D:4      | Reached XP level 5. HP: 23/37 MP: 5/5
  2600 | D:4      | Noticed Eustachio
  2614 | D:4      | Killed Eustachio
  2614 | D:4      | Reached skill level 4 in Stealth
  2614 | D:4      | Reached XP level 6. HP: 40/43 MP: 6/6
  2974 | D:5      | Entered Level 5 of the Dungeon
  2977 | D:5      | Noticed a sky beast
  2992 | D:5      | Killed a sky beast
  2992 | D:5      | Reached skill level 1 in Polearms
  2992 | D:5      | Reached XP level 7. HP: 42/48 MP: 7/7
  3027 | D:5      | Reached skill level 5 in Stealth
  3127 | D:5      | Noticed Sondor's ghost (amateur DsCK)
  3263 | D:5      | Reached skill level 1 in Shields
  3263 | D:5      | Reached XP level 8. HP: 54/54 MP: 8/8
  3281 | D:5      | Found a sparkling altar of Nemelex Xobeh.
  3348 | D:5      | Found a transporter.
  3426 | D:6      | Found a staircase to the Ecumenical Temple.
  3455 | Temple   | Entered the Ecumenical Temple
  3544 | Temple   | Fell from the grace of Trog
  3544 | Temple   | Became a worshipper of Dithmenos the Shadowed
  3697 | D:6      | Reached skill level 5 in Short Blades
  3697 | D:6      | Reached skill level 6 in Stealth
  3712 | D:6      | Noticed Dowan
  3714 | D:6      | Killed Dowan
  3714 | D:6      | Reached skill level 5 in Fighting
  3715 | D:6      | Noticed Duvessa
  3723 | D:6      | Killed Duvessa
  4154 | D:6      | Noticed a polar bear
  4154 | D:6      | Noticed a polar bear
  4154 | D:6      | Noticed a polar bear
  4159 | D:6      | Mangled by a polar bear

Skill      XL: |  1  2  3  4  5  6  7  8 |
---------------+-------------------------+-----
Stealth        | 1 2 3 4 5 6 |  6.4
Short Blades   | 1 2 3 4 5 |  5.8
Fighting       | 4 5 |  5.2
Polearms       | 1 2 |  2.0
Dodging        | 4 |  4.8
Shields        | 1 |  1.5
Unarmed Combat | |  3.7

Action                   |  1- 3 |  4- 6 |  7- 9 || total
-------------------------+-------+-------+-------++-------
Melee: Unarmed           |    19 |       |       ||    19
       Constrict         |    22 |    12 |    16 ||    50
       Tentacles         |    14 |    14 |    29 ||    57
       Punch             |     5 |     4 |     6 ||    15
       Dagger            |    55 |    43 |    91 ||   189
       Spear             |       |    21 |       ||    21
Invok: Berserk           |     1 |     1 |       ||     2
       Trog's Hand       |       |       |     1 ||     1
  Use: Scroll            |       |     5 |     5 ||    10
       Potion            |       |       |     1 ||     1
 Stab: Sleeping          |     7 |     1 |     3 ||    11
  Eat: Chunk             |     1 |     4 |     4 ||     9
       Ration            |     1 |       |       ||     1
Armor: Skin              |     2 |    17 |    16 ||    35
Dodge: Dodged            |    38 |    27 |    40 ||   105
Block: Buckler           |       |     9 |    10 ||    19
